 Dungeon Crawl Stone Soup version 0.29-a0-668-g12ee2bf84d (webtiles) character file.

Game seed: 12839525940637420042

8820 skullybones the Destroyer (level 11, 0/61 HPs)
             Began as an Octopode Hedge Wizard on June 23, 2022.
             Was an Initiate of Ashenzari.
             Killed from afar by an acid dragon (24 damage)
             ... with a splash of acid
             ... on level 10 of the Dungeon on June 24, 2022.
             The game lasted 00:34:55 (11527 turns).

skullybones the Destroyer (Octopode Hedge Wizard)  Turns: 11527, Time: 00:34:56

Health: 0/61       AC: -3    Str: 19    XL:     11   Next: 36%
Magic:  26/32      EV: 20    Int: 20    God:    Ashenzari [......]
Gold:   557        SH:  5    Dex: 12    Spells: 7/26 levels left

rFire   . . .      SeeInvis +   B - +7 trident "Dolusecw" {protect, Will++}
rCold   + . .      Faith    .   N - +0 buckler of the Lashed Jealousy {Self, Bglg} (curse)
rNeg    + . .      Spirit   .   w - +0 hat
rPois   .          Reflect  .   k - amulet of magic regeneration
rElec   .          Harm     .   q - ring "Weaca" {rC+ rN+ EV+4 Str+3}
rCorr   .          Rampage  .   E - +4 ring of evasion
Will    ++...                   S - +6 ring of strength
Stlth   +++.......              v - ring of see invisible
HPRegen 0.20/turn               W - ring of magical power
MPRegen 0.63/turn               C - ring of ice
                                F - ring of fire
                                (no ring)

@: corroded, freezing walls
A: almost no armour, amphibious, 8 rings, camouflage 1, gelatinous body 1,
(nimble swimmer 1), tentacles
a: Renounce Religion, Shatter the Chains


You were on level 10 of the Dungeon.
You worshipped Ashenzari.
Ashenzari was noncommittal.
You visited 2 branches of the dungeon, and saw 11 of its levels.

You collected 557 gold pieces.


Innate Abilities, Weirdness & Mutations

You cannot wear most types of armour.
You are amphibious.
You can wear up to eight rings at the same time.
Your skin changes colour to match your surroundings (Stealth+).
Your rubbery body absorbs attacks. (AC +1, EV +1)
((You are camouflaged when in or above water. (Stealth+)))
You have tentacles for arms and can constrict up to eight enemies at once.


   Skills:
 - Level 2.0 Dodging
 - Level 2.6 Stealth
 - Level 5.0 Shields
 - Level 8.0(8.4) Spellcasting
 + Level 9.1(9.6) Conjurations
 + Level 6.7(7.1) Hexes
 - Level 1.0 Summonings
 - Level 1.0(1.2) Translocations
 + Level 7.6 Ice Magic
 - Level 5.0 Air Magic


You had 7 spell levels left.
You knew the following spells:

 Your Spells              Type           Power      Damage    Failure   Level
c - Call Imp              Summ           12%        N/A       11%         2
f - Freeze                Ice            100%       1d11      1%          1
m - Magic Dart            Conj           100%       1d8       1%          1
p - Fulminant Prism       Conj/Hex       21%        3d13      3%          4
r - Frozen Ramparts       Ice            100%       1d12      1%          3
C - Call Canine Familiar  Summ           12%        N/A       21%         3
F - Freezing Cloud        Conj/Ice/Air   27%        6-21      14%         5

Your spell library contained the following spells:

 Spells                   Type           Power      Damage    Failure   Level
 Slow                     Hex            100%       N/A       1%          1
 Hailstorm                Conj/Ice       59%        3d13      3%          4
 Conjure Flame            Conj/Fire      41%        6-21      4%          3
 Mephitic Cloud           Conj/Pois/Air  27%        N/A       4%          3
 Cause Fear               Hex            18%        N/A       5%          4
 Summon Guardian Golem    Hex/Summ       24%        N/A       6%          3
 Summon Small Mammal      Summ           48%        N/A       7%          1
 Inner Flame              Hex/Fire       34%        N/A       7%          3
 Blink                    Tloc           26%        N/A       10%         2
 Necrotize                Necr           32%        1d5       11%         1
 Iskenderun's Mystic Bla  Conj/Tloc      30%        2d8       11%         4
 Ignite Poison            Fire/Tmut/Pois 12%        N/A       30%         3
 Vampiric Draining        Necr           8%         2d6       30%         3
 Summon Lightning Spire   Summ/Air       20%        N/A       30%         4
 Animate Dead             Necr           8%         N/A       71%         4
 Agony                    Necr           8%         N/A       96%         5
 Lee's Rapid Deconstruct  Erth           4%         3d6*      96%         5
 Haunt                    Necr/Summ      5%         N/A       100%        7
 Storm Form               Tmut/Air       9%         N/A       100%        7
 Discord                  Hex            18%        N/A       100%        8
 Infestation              Necr           4%         N/A       100%        8
 Maxwell's Capacitive Co  Air            14%        ∞         100%        8

Inventory:

Hand Weapons
 a - a +1 hunting sling of flaming
   (You found it on level 4 of the Dungeon)
 b - a +2 vampiric war axe
   (You took it off an orc on level 4 of the Dungeon)
 n - a +0 dagger of speed
   (You took it off a goblin on level 3 of the Dungeon)
 y - a +2 falchion of holy wrath
   (You took it off Eustachio on level 4 of the Dungeon)
 B - the +7 trident "Dolusecw" (weapon) {protect, Will++}
   (You found it on level 6 of the Dungeon)

   It grants its wielder temporary protection when it strikes (+7 to AC).
   Will:      It greatly increases your willpower.
Missiles
 d - 105 stones
 g - 28 poisoned darts
 K - 3 curare-tipped darts {=f}
 O - 3 boomerangs of dispersal {=f!f}
Armour
 w - a +0 hat (worn)
 N - the cursed +0 buckler of the Lashed Jealousy (worn) {Self, Bglg}
   (You found it on level 5 of the Dungeon)

   It has a curse which improves the following skills: Introspection: Fighting
   and Spellcasting.
   Beguiling: Conjurations, Hexes and Translocations.
Magical Staves
 u - a staff of death {!a}
   (You found it on level 4 of the Dungeon)
 H - a staff of air {!a}
   (You found it on level 6 of the Dungeon)
 P - a staff of fire {!a}
   (You found it on level 5 of the Dungeon)
Jewellery
 k - an amulet of magic regeneration (around mantle)
   (You found it on level 1 of the Dungeon)
 q - the ring "Weaca" (left tentacle) {rC+ rN+ EV+4 Str+3}
   (You found it on level 3 of the Dungeon)

   [ring of evasion]

   EV:        It affects your evasion (+4).
   Str:       It affects your strength (+3).
   rC:        It protects you from cold.
   rN:        It protects you from negative energy.
 v - a ring of see invisible (on tentacle)
   (You found it on level 6 of the Dungeon)
 A - an amulet of the acrobat
   (You found it on level 9 of the Dungeon)
 C - a ring of ice (on tentacle)
   (You found it on level 8 of the Dungeon)
 E - a +4 ring of evasion (right tentacle)
   (You found it on level 5 of the Dungeon)
 F - a ring of fire (on tentacle)
   (You found it on level 6 of the Dungeon)
 S - a +6 ring of strength (on tentacle)
   (You found it on level 6 of the Dungeon)
 W - a ring of magical power (on tentacle)
   (You found it on level 6 of the Dungeon)
Wands
 D - a wand of mindburst (18)
   (You found it on level 6 of the Dungeon)
 L - a wand of charming (2)
   (You found it on level 7 of the Dungeon)
Scrolls
 f - a scroll of poison {!r}
 l - a scroll of blinking {!r}
 r - 3 scrolls of teleportation {@r4}
 s - 2 scrolls of amnesia
 t - a scroll of noise {!r}
 x - a scroll of silence {!r}
 z - 3 scrolls of identify {@r1}
 G - a scroll of immolation {!r!r}
 I - a scroll of torment {!r}
 M - 2 scrolls of enchant weapon
 R - a scroll of summoning
Potions
 c - a potion of magic
 e - a potion of degeneration {unknown}
 h - 3 potions of brilliance {unknown}
 i - a potion of curing {@q1}
 j - 2 potions of attraction {unknown}
 m - 2 potions of mutation {unknown}
 o - 2 potions of heal wounds {unknown}
 p - 3 potions of berserk rage {unknown}
 J - 2 potions of ambrosia {unknown}
 Q - a potion of might {unknown}
 T - a potion of resistance {unknown}

Dungeon Overview and Level Annotations

Branches:
Dungeon (10/15) Zot: 26372  Temple (1/1) D:7 Zot: 5873
   Lair: D:8-11         Orc: D:9-12

Altars:
Ashenzari
Cheibriados
Dithmenos
Elyvilon
Fedhas
Gozag
Hepliaklqana
Kikubaaqudgha
Makhleb
Nemelex Xobeh
Okawaru
Qazlal
Ru
Sif Muna
Trog
Uskayaw
Vehumet
Wu Jian
Xom
Yredelemnul
Zin
The Shining One

Shops:
D:5 ?   D:7 (!

Annotations:
D:10 Urug

#...# #......... #...#
#.......# #...# #.......# ..#
#...# #.......# §.## .#...#
#.......# §§§§§# ...#...#
#.....).# ##§§§.§§§##...#...#
#.....<.#
##§§§§§§§§§#...#...####.......#
..§§.§§§§§§....#@............)#
.§§§§._§§......D.........####.#
.§§§§§...§.....h5........#
#.###
##§§§.§§§§§#.............#
#.).. ##§§§.§§§##...#.........#
#.... ##§§.§§###...#.........#
#.###
#####§.§####...#.........####.#
#..............#..............#
#..............#..............#


You could see an acid dragon (catching breath, ally target), a friendly hound
(summoned) and a friendly crimson imp (summoned).


Message History

Found a shadowy altar of Dithmenos.
j - 2 glowing red potions (gained 1)
Found a stone staircase leading down.
You now have 540 gold pieces (gained 20).
You now have 557 gold pieces (gained 17).
An acid dragon comes into view.
Casting: Magic Dart (safe; 1% risk of failure)
Confirm with . or Enter, or press ? or * to list all spells.
A beastly little devil appears in a puff of flame.
The acid dragon spits acid at you. The splash of acid hits you!!
The acid corrodes you! 😮 HP[-29] MP[-2]
You take 29 damage, and now have 32/61 hp.
MASSIVE DAMAGE!! (PAUSE)
You lost 2 mp, and now have 30/32 mp.
Casting: Call Imp (safe; 11% risk of failure)
Confirm with . or Enter, or press ? or * to list all spells.
😮 HP[+1] MP[-2]
You lost 2 mp, and now have 28/32 mp.
Casting: Call Canine Familiar (dangerous; 21% risk of failure)
Confirm with . or Enter, or press ? or * to list all spells.
Okay, then.
Aiming: Charm
Press: ? - help, Shift-Dir - straight line, f - acid dragon
Aim: an acid dragon (catching its breath, ally target, chance to affect: 49%)
Okay, then.
Aiming: Mindburst
Press: ? - help, Shift-Dir - straight line, f - acid dragon
Aim: an acid dragon (catching its breath, ally target, chance to affect: 64%)
The acid dragon struggles to resist.
Your hound bites the acid dragon but does no damage.
Your crimson imp blinks! 😮 MP[+1]
Casting: Call Canine Familiar (dangerous; 21% risk of failure)
Confirm with . or Enter, or press ? or * to list all spells.
Aiming: Freeze (safe; 1% risk of failure)
Press: ? - help, Shift-Dir - straight line, f/p - acid dragon
Aim: an acid dragon (ally target)
You feel a surge of power!
You freeze the acid dragon.
Your hound bites the acid dragon but does no damage.
The acid dragon bites you!
* * * LOW HITPOINT WARNING * * *
You block the acid dragon's attack.
Your hound bites the acid dragon but does no damage. 😨 HP[-11] MP[-1]
You take 11 damage, and now have 22/61 hp.
You lost 1 mp, and now have 28/32 mp.
Casting: Freeze (safe; 1% risk of failure)
Confirm with . or Enter, or press ? or * to list all spells.
Okay, then.
You feel better. The acid dragon spits acid at you.
The splash of acid misses you.
Your hound barely misses the acid dragon. 😨 HP[+6] MP[+1]
You regained 6 hp, and now have 28/61 hp.
Casting: Freeze (safe; 1% risk of failure)
Confirm with . or Enter, or press ? or * to list all spells.
Casting: Frozen Ramparts (safe; 1% risk of failure)
Press: ? - help, Dir - look around, f - activate You feel a surge of power!
The walls around you are covered in ice.
Your hound bites the acid dragon but does no damage.
The wall freezes the acid dragon.
The acid dragon misses you. x2
Your hound bites the acid dragon but does no damage.
Your crimson imp barely misses the acid dragon. 😨 MP[-2]
You lost 2 mp, and now have 27/32 mp.
Casting: Frozen Ramparts (safe; 1% risk of failure)
Confirm with . or Enter, or press ? or * to list all spells.
Aiming: Freeze (safe; 1% risk of failure)
Press: ? - help, Shift-Dir - straight line, f - acid dragon
Aim: an acid dragon (lightly wounded, ally target)
You feel a surge of power!
You freeze the acid dragon.
The wall freezes the acid dragon.
The acid dragon spits acid at you. The splash of acid hits you!
* * * LOW HITPOINT WARNING * * *
Your hound completely misses the acid dragon.
Your crimson imp hits the acid dragon. 😱 HP[-15] MP[-1]
You take 15 damage, and now have 13/61 hp.
MASSIVE DAMAGE!! (PAUSE)
You lost 1 mp, and now have 26/32 mp.
You feel better.
Your hound misses the acid dragon.
The wall freezes the acid dragon.
The acid dragon closely misses you. x2
Your hound bites the acid dragon.
Your crimson imp barely misses the acid dragon. 😨 HP[+11] MP[+1]
You regained 11 hp, and now have 24/61 hp.
Casting: Freeze (safe; 1% risk of failure)
Confirm with . or Enter, or press ? or * to list all spells.
Aiming: Freeze (safe; 1% risk of failure)
Press: ? - help, Shift-Dir - straight line, f/p - acid dragon
Aim: an acid dragon (severely wounded, ally target)
You feel a surge of power!
You freeze the acid dragon.
The wall freezes the acid dragon.
The acid dragon spits acid at you. The splash of acid hits you!!
You die...

Skill      XL: |  1  2  3  4  5  6  7  8  9 10 11 |
---------------+----------------------------------+-----
Spellcasting   | 4 5 7 8 |  8.0
Conjurations   | 2 3 4 5 8 9 |  9.1
Ice Magic      | 1 2 4 5 6 7 |  7.6
Shields        | 2 5 |  5.0
Hexes          | 3 5 6 |  6.7
Air Magic      | 3 5 |  5.0
Dodging        | |  2.0
Stealth        | |  2.6
Summonings     | |  1.0
Translocations | |  1.0

Action                   |  1- 3 |  4- 6 |  7- 9 | 10-12 || total
-------------------------+-------+-------+-------+-------++-------
Melee: Short sword       |     9 |       |       |       ||     9
       Tentacles         |     2 |       |     4 |     7 ||    13
       Dagger            |     1 |       |       |       ||     1
       Constrict         |     1 |     1 |    11 |     4 ||    17
       Punch             |     1 |       |       |       ||     1
       War axe           |       |     3 |       |       ||     3
       Falchion          |       |       |     6 |       ||     6
       Trident           |       |       |    43 |    33 ||    76
 Cast: Magic Dart        |    90 |    83 |   106 |    54 ||   333
       Call Imp          |       |    13 |    48 |    20 ||    81
       Freeze            |       |    18 |    59 |    26 ||   103
       Frozen Ramparts   |       |       |    33 |    16 ||    49
       Call Canine Famil |       |       |     4 |     9 ||    13
       Fulminant Prism   |       |       |       |    42 ||    42
Invok: Curse Item        |       |       |       |     1 ||     1
Evoke: Wand              |       |       |       |     1 ||     1
  Use: Scroll            |     3 |     7 |     2 |     4 ||    16
       Potion            |       |     1 |     1 |     2 ||     4
 Stab: Sleeping          |       |       |     1 |     1 ||     2
       Distracted        |       |       |     1 |       ||     1
Armor: Skin              |     3 |     2 |     4 |     1 ||    10
Dodge: Dodged            |    18 |    27 |    73 |    49 ||   167
Block: Buckler           |       |       |    11 |    24 ||    35

Levels and vault maps discovered:
D:1:      pf_arrival_petrified_forest, layout_basic, minmay_tromino_mix6
D:2:      layout_rooms, uniq_sigmund
D:3:      layout_basic, nicolae_ecumenical_pavilion, uniq_terence, uniq_robin
D:4:      layout_basic
D:5:      layout_gridville, mainiacjoe_overflow_paths,
          nicolae_tso_swordbearing_angel, serial_shops, nicolae_square_shop,
          grunt_decor_mini_mirrors, grunt_ministairs_15,
          kennysheep_generic_room_10, uniq_grinder, uniq_eustachio, uniq_pikel
D:6:      layout_basic, overflow_temple_1_default, minmay_ruined_shrine
D:7:      layout_basic, minmay_temple_entry_poolview, serial_shops,
          nicolae_shop_window_shopping, doesnt_shop_hydraphobe
D:8:      layout_loops_ring
D:9:      layout_irregular_city, mainiacjoe_overflow_small_starburst
D:10:     layout_long_grid, nicolae_overflow_squiral,
          nicolae_overflow_crystal_walls, nicolae_dithmenos_the_darkroom,
          uniq_urug
Temple:   eino_temple_water

Notes
Turn   | Place    | Note
-------+----------+-------------------------------------------
     0 | D:1      | skullybones the Octopode Hedge Wizard began the quest for
                  | the Orb.
     0 | D:1      | Reached XP level 1. HP: 11/11 MP: 4/4
     0 | D:1      | magus.rc [v1.11.3]
   238 | D:1      | Reached XP level 2. HP: 17/17 MP: 3/6
   807 | D:1      | Learned a level 2 spell: Call Imp
   854 | D:1      | You pick up a book of Frost and begin reading...
   854 | D:1      | You add the spells Freeze, Frozen Ramparts and Hailstorm to
                  | your library.
   946 | D:1      | Reached XP level 3. HP: 21/21 MP: 2/8
   961 | D:1      | Learned a level 1 spell: Freeze
  1547 | D:2      | You fall into a shaft and drop 1 floor!
  1572 | D:3      | Noticed Robin
  1585 | D:3      | Noticed Terence
  1585 | D:3      | Killed Robin
  1586 | D:3      | Reached skill level 4 in Spellcasting
  1586 | D:3      | Reached skill level 2 in Conjurations
  1587 | D:3      | Reached XP level 4. HP: 27/27 MP: 6/10
  1592 | D:3      | Killed Terence
  1593 | D:3      | Reached skill level 1 in Ice Magic
  1970 | D:3      | Identified the ring "Weaca" {rC+ rN+ EV+4 Str+3}
  1993 | D:3      | Reached XP level 5. HP: 22/31 MP: 6/11
  2187 | D:3      | Found a faded altar of an unknown god.
  2437 | D:3      | Learned a level 3 spell: Frozen Ramparts
  2609 | D:4      | You pick up a book of Necromancy and begin reading...
  2609 | D:4      | You add the spells Necrotize, Vampiric Draining and Agony
                  | to your library.
  2828 | D:4      | Noticed an ogre
  2868 | D:4      | Killed an ogre
  2869 | D:4      | Reached skill level 5 in Spellcasting
  2869 | D:4      | Reached skill level 3 in Conjurations
  2869 | D:4      | Reached skill level 2 in Ice Magic
  2869 | D:4      | Reached XP level 6. HP: 36/36 MP: 11/13
  3071 | D:4      | Identified the +8 chain mail of Chimes {Will+ MP+9}
  3189 | D:5      | Entered Level 5 of the Dungeon
  3209 | D:5      | HP: 6/36 [something (4)]
  3417 | D:5      | Noticed Pikel
  3467 | D:5      | Noticed Grinder
  3467 | D:5      | Noticed Eustachio
  3482 | D:4      | Killed Eustachio
  3483 | D:4      | Reached XP level 7. HP: 35/41 MP: 6/15
  3532 | D:5      | Paralysed by Grinder for 5 turns
  3545 | D:5      | Paralysed by Grinder for 3 turns
  3551 | D:5      | Killed Grinder
  3552 | D:5      | Reached skill level 6 in Spellcasting
  3552 | D:5      | Reached skill level 3 in Ice Magic
  3664 | D:5      | Reached skill level 4 in Conjurations
  4382 | D:5      | Killed Pikel
  4383 | D:5      | Reached skill level 7 in Spellcasting
  4383 | D:5      | Reached skill level 4 in Ice Magic
  4383 | D:5      | Reached XP level 8. HP: 22/46 MP: 12/19
  4675 | D:5      | Found an ornate altar of the Wu Jian Council.
  4700 | D:5      | Reached skill level 5 in Ice Magic
  4866 | D:5      | Reached skill level 1 in Shields
  4866 | D:5      | Reached skill level 8 in Spellcasting
  4886 | D:5      | Found Ochi's Magic Scroll Shop.
  5013 | D:5      | You add the spells Ignite Poison and Freezing Cloud to your
                  | library.
  5032 | D:5      | Reached skill level 2 in Shields
  5283 | D:5      | Reached XP level 9. HP: 51/51 MP: 15/21
  5326 | D:5      | Found a glowing golden altar of the Shining One.
  5539 | D:6      | Reached skill level 3 in Shields
  5552 | D:6      | You pick up a book of Blasting and begin reading...
  5552 | D:6      | You add the spells Fulminant Prism, Iskenderun's Mystic
                  | Blast and Lee's Rapid Deconstruction to your library.
  5569 | D:6      | Reached skill level 6 in Ice Magic
  5588 | D:6      | Learned a level 4 spell: Fulminant Prism
  5594 | D:6      | Learned a level 5 spell: Freezing Cloud
  5697 | D:6      | Reached skill level 1 in Hexes
  5697 | D:6      | Reached skill level 1 in Air Magic
  5834 | D:6      | Found a glowing silver altar of Zin.
  5849 | D:6      | You pick up a book of Callings and begin reading...
  5849 | D:6      | You add the spells Summon Small Mammal, Call Canine
                  | Familiar and Summon Guardian Golem to your library.
  5854 | D:6      | Learned a level 3 spell: Call Canine Familiar
  5875 | D:6      | Identified the +7 trident "Dolusecw" {protect, Will++}
  6030 | D:6      | Reached skill level 4 in Shields
  6128 | D:6      | You pick up a book of Necromancy and begin reading...
  6255 | D:6      | Reached skill level 2 in Hexes
  6255 | D:6      | Reached skill level 2 in Air Magic
  6599 | D:6      | Found a glowing silver altar of Zin.
  7060 | D:7      | Found Wimaogep's Hydra Hut.
  7065 | D:7      | Noticed an eight-headed hydra
  7137 | D:7      | Reached skill level 5 in Conjurations
  7182 | D:7      | HP: 11/51 [kobold brigand/+0 club (7)]
  7424 | D:7      | Reached skill level 3 in Air Magic
  7455 | D:7      | Reached skill level 3 in Hexes
  7472 | D:7      | Reached skill level 5 in Shields
  7473 | D:7      | Reached XP level 10. HP: 29/56 MP: 22/22
  7648 | D:7      | Found Bujoh's Distillery.
  7803 | D:7      | You pick up a book of Death and begin reading...
  7803 | D:7      | You add the spells Animate Dead, Haunt and Infestation to
                  | your library.
  7963 | D:7      | Found a staircase to the Ecumenical Temple.
  7974 | Temple   | Entered the Ecumenical Temple
  8083 | Temple   | Became a worshipper of Ashenzari the Shackled
  8163 | D:8      | Reached skill level 4 in Hexes
  8163 | D:8      | Reached skill level 4 in Air Magic
  8471 | D:8      | Reached skill level 6 in Conjurations
  8940 | D:8      | Reached skill level 5 in Hexes
  8940 | D:8      | Reached skill level 5 in Air Magic
  8959 | D:8      | Reached skill level 7 in Conjurations
  9131 | D:9      | Noticed a kobold demonologist
  9141 | D:9      | Killed a kobold demonologist
  9457 | D:9      | Found a white marble altar of Elyvilon.
  9507 | D:9      | Noticed a kobold demonologist
  9607 | D:9      | Reached skill level 8 in Conjurations
  9628 | D:9      | Noticed a two-headed ogre
  9746 | D:9      | Noticed a kobold demonologist
  9751 | D:9      | Noticed an orange demon
 10053 | D:8      | Killed a kobold demonologist
 10095 | D:8      | Killed a kobold demonologist
 10096 | D:8      | Reached XP level 11. HP: 61/61 MP: 23/23
 10153 | D:9      | You pick up a book of Hexes and begin reading...
 10153 | D:9      | You add the spells Inner Flame, Cause Fear and Discord to
                  | your library.
 10263 | D:9      | Reached skill level 6 in Hexes
 10264 | D:9      | Reached skill level 7 in Ice Magic
 10576 | D:9      | Killed a two-headed ogre
 10640 | D:9      | Reached skill level 9 in Conjurations
 10883 | D:9      | You pick up a book of the Sky and begin reading...
 10883 | D:9      | You add the spells Summon Lightning Spire, Storm Form and
                  | Maxwell's Capacitive Coupling to your library.
 10902 | D:10     | Entered Level 10 of the Dungeon
 10991 | D:10     | Found a blossoming altar of Fedhas.
 11003 | D:10     | Found a snail-covered altar of Cheibriados.
 11138 | D:10     | Identified the +0 robe of Lust {Rampage *Corrode Int+8
                  | Dex-2}
 11154 | D:10     | Found a burning altar of Makhleb.
 11195 | D:10     | Noticed Urug
 11471 | D:10     | Found a shadowy altar of Dithmenos.
 11525 | D:10     | HP: 13/61 [acid dragon/splash of acid (16)]
 11527 | D:10     | Killed from afar by an acid dragon

Vanquished Creatures
  A two-headed ogre (D:9)
  Pikel (D:5)
  An unseen horror (D:10)
  3 kobold demonologists
  A hornet (D:8)
  Grinder (D:5)
  A wyvern (D:9)
  8 yaks
  A steam dragon (D:8)
  An acid dragon (D:10)
  A water moccasin (D:8)
  3 black bears (D:6)
  3 orc warriors
  An ice beast (D:6)
  2 sky beasts
  2 ogres
  3 centaurs
  A lemure (D:5)
  5 kobold brigands
  4 bullfrogs
  2 necrophages
  5 scorpions
  4 wights (D:8)
  11 killer bees
  2 howler monkeys
  3 hounds
  A jelly (D:5)
  7 orc priests
  2 gnoll shamans
  5 iguanas
  Terence (D:3)
  7 orc wizards
  Robin (D:3)
  6 adders
  9 gnolls
  2 white imps
  2 ufetubi (D:6)
  A worm (D:5)
  2 dart slugs
  19 orcs
  8 ball pythons
  11 endoplasms
  2 giant cockroaches (D:3)
  11 goblins
  8 hobgoblins
  2 quokkas (D:1)
  3 bats (D:1)
  5 frilled lizards
  18 kobolds
  5 rats
209 creatures vanquished.

Vanquished Creatures (collateral kills)
  2 yaks (D:9)
  Eustachio (D:4)
  A water moccasin (D:9)
  A kobold brigand (D:7)
  A scorpion (D:6)
  A killer bee (D:7)
  A hound (D:4)
  2 adders (D:3)
  A shadow imp (D:7)
  An orc (D:5)
  5 kobolds (D:9)
17 creatures vanquished.

Vanquished Creatures (others)
  42 fulminant prisms
  A plant (D:7)
43 creatures vanquished.

Grand Total: 269 creatures vanquished

Table legend:
 A = Non-vault XP
 B = Vault XP
 C = Vault XP percentage of total XP
 D = Non-vault monster count
 E = Vault monster count
 F = Vault count percentage of total count
                 A         B        C        D         E       F
            +---------+---------+-------+---------+---------+-------
      Total |   10910 |    1690 |  13.4 |     192 |      33 |  14.7
            +---------+---------+-------+---------+---------+-------
        D:1 |      45 |       5 |  10.0 |      27 |       4 |  12.9
        D:3 |      47 |      76 |  61.8 |      13 |      14 |  51.9
        D:4 |     187 |     197 |  51.3 |      13 |       1 |   7.1
        D:5 |     687 |    1120 |  62.0 |      27 |       5 |  15.6
        D:6 |    1218 |     292 |  19.3 |      18 |       9 |  33.3
        D:7 |    1047 |       0 |   0.0 |      26 |       0 |   0.0
        D:8 |    3285 |       0 |   0.0 |      28 |       0 |   0.0
        D:9 |    3590 |       0 |   0.0 |      32 |       0 |   0.0
       D:10 |     804 |       0 |   0.0 |       8 |       0 |   0.0
            +---------+---------+-------+---------+---------+-------

Illustrated notes

Table legend:
 A = Kills in this place as a percentage of kills in entire the game.
 B = Kills by you in this place as a percentage of kills by you in the entire game.
 C = Kills by friends in this place as a percentage of kills by friends in the entire game.
 D = Other kills in this place as a percentage of other kills in the entire game.
 E = Experience gained in this place as a percentage of experience gained in the entire game.
 F = Experience gained in this place divided by the number of levels of this place that you have seen.
                   A       B       C       D       E      F
               +-------+-------+-------+-------+-------+----------------------
         Total | 100.0 | 100.0 | 100.0 |   N/A | 100.0 | 1145.5
       Dungeon | 100.0 | 100.0 | 100.0 |   N/A | 100.0 | 1260.0
               +-------+-------+-------+-------+-------+----------------------

Table legend: (Time is in decaauts)
 A = Elapsed time spent in this place.
 B = Non-inter-level travel time spent in this place.
 C = Inter-level travel time spent in this place.
 D = Time resting spent in this place.
 E = Time spent auto-exploring this place.
 F = Levels seen in this place.
 G = Mean time per level.
                   A        B        C        D        E       F      G
               +--------+--------+--------+--------+--------+-----+--------+
         Total |  11564 |  11192 |    372 |    756 |   8540 |  11 | 1051.3 |
       Dungeon |  11437 |  11081 |    356 |    756 |   8446 |  10 | 1143.7 |
        Temple |    126 |    110 |     16 |      0 |     94 |   1 |  126.0 |
               +--------+--------+--------+--------+--------+-----+--------+

Top non-repeatable levels by time:
     D:5: 2117 daAuts
     D:8: 1717 daAuts
     D:6: 1577 daAuts
     D:1: 1547 daAuts
     D:9: 1068 daAuts
     D:7: 1055 daAuts
     D:3: 896 daAuts
     D:4: 830 daAuts
    D:10: 626 daAuts
  Temple: 126 daAuts
